 Seeded DCSS version 0.30-a0-715-gdb4ae3ece1 (webtiles) character file.

Game seed: 20230123 (custom seed)

326 stormannnn the Magician (level 6, 0/41 HPs)
             Began as a Demonspawn Venom Mage on Jan 23, 2023.
             Slain by an ice beast (13 damage)
             ... on level 5 of the Dungeon.
             The game lasted 00:13:48 (5025 turns).

stormannnn the Magician (Demonspawn Venom Mage)     Turns: 5025, Time: 00:13:49

Health: 0/41       AC:  8    Str:  9    XL:     6   Next: 24%
Magic:  4/12       EV: 13    Int: 18    God:
Gold:   129        SH:  5    Dex: 13    Spells: 9/13 levels left

rFire   . . .      SeeInvis .    f - +1 spear (venom)
rCold   . . .      Faith    .    (no shield)
rNeg    . . .      Spirit   .    a - +1 robe
rPois   .          Reflect  +    (helmet restricted)
rElec   .          Harm     .    (no cloak)
rCorr   .          Rampage  .    (no gloves)
Will    .....                    t - +2 pair of boots
Stlth   ++                       k - amulet of reflection
HPRegen 0.26/turn                (no ring)
MPRegen 0.13/turn                (no ring)

@: very slightly contaminated
A: horns 1, molten scales 1, powered by death 2
a: no special abilities


You were on level 5 of the Dungeon.
You visited 1 branch of the dungeon, and saw 5 of its levels.
You also visited: Sewer.

You collected 129 gold pieces.

Inventory:

Hand Weapons
 f - a +1 spear of venom (weapon)
Missiles
 c - 2 throwing nets (quivered)
Armour
 a - a +1 robe (worn)
 t - a +2 pair of boots (worn)
Jewellery
 k - an amulet of reflection (around neck)
Wands
 u - a wand of iceblast (14)
Scrolls
 d - 5 scrolls of teleportation
 h - a scroll of enchant armour
 j - 2 scrolls of poison
 r - a scroll of magic mapping
 x - a scroll of amnesia
Potions
 b - 3 potions of magic
 e - a potion of ambrosia
 g - 2 potions of cancellation {unknown}
 i - a potion of mutation {unknown}
 m - 2 potions of haste
 n - 3 potions of curing
 o - 2 potions of heal wounds {unknown}
 p - a potion of brilliance {unknown}


   Skills:
 * Level 3.9 Dodging
 - Level 1.7 Stealth
 - Level 4.0 Spellcasting
 - Level 2.0 Transmutations
 + Level 3.9 Poison Magic


You had 9 spell levels left.
You knew the following spells:

 Your Spells              Type           Power      Damage    Failure   Level
a - Sting                 Tmut/Pois      56%        1d5       4%          1
b - Poisonous Vapours     Pois/Air       20%        N/A       10%         2
c - Summon Small Mammal   Summ           12%        N/A       14%         1

Your spell library contained the following spells:

 Spells                   Type           Power      Damage    Failure   Level
 Apportation              Tloc           6%         N/A       14%         1
 Necrotise                Necr           12%        1d4       14%         1
 Mephitic Cloud           Conj/Pois/Air  8%         N/A       26%         3
 Olgreb's Toxic Radiance  Pois           17%        N/A       30%         4


Dungeon Overview and Level Annotations

Branches:
Dungeon (5/15)              Sewer (visited)
 Temple: D:4-7

Altars:
Fedhas


Innate Abilities, Weirdness & Mutations

You have a pair of small horns on your head.
You are partially covered in molten scales. (AC +2)
You regenerate health from kills.


Message History

Press: ? - help, Shift-Dir - straight line, f/p - ice beast
Aim: an ice beast (lightly wounded, ally target, 71% to hit)
You miscast Sting.
Nothing appears to happen.
Your bat misses the ice beast. You block the ice beast's attack.
Casting: Sting (safe; 4% risk of failure)
Confirm with . or Enter, or press ? or * to list all spells.
Aiming: Sting (safe; 4% risk of failure)
Press: ? - help, Shift-Dir - straight line, f/p - ice beast
Aim: an ice beast (lightly wounded, ally target, 71% to hit)
The sting hits the ice beast.
The ice beast partially resists.
The ice beast is moderately wounded.
Your bat hits the ice beast but does no damage.
Your bat closely misses the ice beast.
The ice beast hits you but does no damage.
Casting: Sting (safe; 4% risk of failure)
Confirm with . or Enter, or press ? or * to list all spells.
Aiming: Sting (safe; 4% risk of failure)
Press: ? - help, Shift-Dir - straight line, f/p - ice beast
Aim: an ice beast (moderately wounded, ally target, 71% to hit)
The sting hits the ice beast.
The ice beast is poisoned.
The ice beast is moderately wounded.
Your bat hits the ice beast. The ice beast hits you. The ice beast freezes you!
Casting: Sting (safe; 4% risk of failure)
Confirm with . or Enter, or press ? or * to list all spells.
Aiming: Sting (safe; 4% risk of failure)
Press: ? - help, Shift-Dir - straight line, f/p - ice beast
Aim: an ice beast (moderately wounded, poisoned, ally target, 71% to hit)
The sting misses the ice beast.
Your bat hits the ice beast. The ice beast completely misses you.
Casting: Sting (safe; 4% risk of failure)
Confirm with . or Enter, or press ? or * to list all spells.
Aiming: Sting (safe; 4% risk of failure)
Press: ? - help, Shift-Dir - straight line, f/p - ice beast
Aim: an ice beast (heavily wounded, poisoned, ally target, 71% to hit)
The sting hits the ice beast but does no damage.
The ice beast looks even sicker.
The ice beast is heavily wounded.
Your bat hits the ice beast but does no damage.
The ice beast hits you. The ice beast freezes you!
You die...

... #.# #.# #.# # #.#
... #.##########
.....##...........
.........Yb###########
.....#####@...........
.....#####............
##..........##.###.###.#
# .........##.# #.# #.#
#.######.##.# #.# #.#
#.##.# #.. ... #.##.#
#.# #.# #.##># #.# #.#
#.##.# #.# #.#


You could see an ice beast (very poisoned, ally target) and a friendly bat
(summoned).

Vanquished Creatures
  An orc priest (D:4)
  An iguana (D:4)
  A hell rat (Sewer)
  An orc wizard (D:3)
  6 gnolls
  2 river rats
  5 adders
  4 worms (D:2)
  A dart slug (D:2)
  6 orcs
  6 endoplasms
  8 giant cockroaches
  5 hobgoblins
  5 jackals
  8 kobolds
  4 quokkas
  6 ball pythons
  5 bats
  A frilled lizard (D:2)
  4 goblins
  16 rats
96 creatures vanquished.

Notes
Turn   | Place    | Note
-------+----------+-------------------------------------------
     0 | D:1      | stormannnn the Demonspawn Venom Mage began the quest for
                  | the Orb.
     0 | D:1      | Reached XP level 1. HP: 13/13 MP: 3/3
   163 | D:1      | Reached skill level 1 in Transmutations
   319 | D:1      | Gained mutation: You are partially covered in molten
                  | scales. (AC +2) [demonic ancestry]
   319 | D:1      | Reached XP level 2. HP: 19/19 MP: 0/5
  1088 | D:2      | Gained mutation: You regenerate a little health from kills.
                  | [demonic ancestry]
  1088 | D:2      | Reached XP level 3. HP: 24/24 MP: 1/6
  1951 | D:2      | Gained mutation: You regenerate health from kills. [demonic
                  | ancestry]
  1951 | D:2      | Reached XP level 4. HP: 30/30 MP: 4/8
  1974 | D:2      | Reached skill level 3 in Spellcasting
  2820 | D:3      | Learned a level 2 spell: Poisonous Vapours
  2906 | D:3      | Gained mutation: You have a pair of small horns on your
                  | head. [demonic ancestry]
  2906 | D:3      | Reached XP level 5. HP: 35/35 MP: 3/9
  4067 | D:4      | Found a glowing drain.
  4082 | Sewer    | Entered a sewer
  4163 | Sewer    | Reached XP level 6. HP: 41/41 MP: 4/11
  4542 | D:4      | Found a blossoming altar of Fedhas.
  4725 | D:4      | Reached skill level 4 in Spellcasting
  4905 | D:5      | Entered Level 5 of the Dungeon
  4989 | D:5      | Noticed an ice beast
  4993 | D:5      | Learned a level 1 spell: Summon Small Mammal
  5025 | D:5      | Slain by an ice beast

Illustrated notes

Levels and vault maps discovered:
D:1:      dpeg_arrival_pits, layout_loops_ring, st_stairs_9
D:2:      layout_loops_corners, basic_altar, minmay_split_cup_large
D:3:      layout_basic, minmay_door_square
D:4:      layout_basic, fedhas_ov_isle_minmay, portal_sewer_entry_a
D:5:      layout_loops_ring, kennysheep_generic_room_16

Skill      XL: |  1  2  3  4  5  6 |
---------------+-------------------+-----
Transmutations | 1 2 |  2.0
Dodging        | 2 3 |  3.9
Spellcasting   | 3 4 |  4.0
Stealth        | |  1.7
Poison Magic   | |  3.9

Action                     |  1- 3 |  4- 6 || total
---------------------------+-------+-------++-------
  Melee: Unarmed           |     4 |       ||     4
         Dagger            |    23 |       ||    23
         Rapier            |     7 |       ||     7
         Short sword       |     3 |     2 ||     5
         Spear             |       |    21 ||    21
         Headbutt          |       |     2 ||     2
  Throw: Dart              |       |     3 ||     3
         Throwing net      |       |     1 ||     1
   Cast: Sting             |    82 |   127 ||   209
         Poisonous Vapours |       |     7 ||     7
         Summon Small Mamm |       |     5 ||     5
    Use: Scroll            |     2 |    12 ||    14
         Potion            |       |     1 ||     1
   Stab: Betrayed ally     |       |     1 ||     1
 Armour: Robe              |    12 |    15 ||    27
  Dodge: Dodged            |    56 |    41 ||    97
  Block: Other             |     1 |    10 ||    11

Table legend: (Time is in decaauts)
 A = Elapsed time spent in this place.
 B = Non-inter-level travel time spent in this place.
 C = Inter-level travel time spent in this place.
 D = Time resting spent in this place.
 E = Time spent auto-exploring this place.
 F = Levels seen in this place.
 G = Mean time per level.
                   A        B        C        D        E       F      G
               +--------+--------+--------+--------+--------+-----+--------+
         Total |   5037 |   4928 |    109 |   1201 |   2574 |   6 |  839.5 |
       Dungeon |   4786 |   4677 |    109 |   1060 |   2562 |   5 |  957.2 |
         Sewer |    250 |    250 |      0 |    141 |     11 |   1 |  250.0 |
               +--------+--------+--------+--------+--------+-----+--------+

Top non-repeatable levels by time:
     D:2: 1634 daAuts
     D:3: 1053 daAuts
     D:4: 1039 daAuts
     D:1: 939 daAuts
   Sewer: 250 daAuts
     D:5: 119 daAuts
